 Dungeon Crawl Stone Soup version 0.25-a0-194-gece1257 (webtiles) character file.

Game seed: 5466879010410202752, levelgen mode: deterministic

240 CanOfBees the Slasher (level 6, -2/38 HPs)
             Began as a Tengu Berserker on Dec 1, 2019.
             Was a Believer of Trog.
             Killed from afar by an orc wizard (8 damage)
             ... with a magic dart
             ... on level 4 of the Dungeon.
             The game lasted 00:05:03 (3730 turns).

CanOfBees the Slasher (Tengu Berserker)             Turns: 3730, Time: 00:05:04

Health: -2/38      AC:  8    Str: 17    XL:     6   Next: 8%
Magic:  7/7        EV: 13    Int:  7    God:    Trog [**....]
Gold:   191        SH:  0    Dex: 16    Spells: 5/5 levels left

rFire    . . .     SeeInvis .   a - +0 falchion
rCold    . . .     Gourm    .   (no shield)
rNeg     . . .     Faith    .   i - +1 scale mail
rPois    .         Spirit   .   (helmet restricted)
rElec    .         Reflect  .   (no cloak)
rCorr    .         Harm     .   (no gloves)
MR       .....                  (boots unavailable)
Stlth    ..........             (no amulet)
HPRegen  0.12/turn              (no ring)
MPRegen  0.10/turn              (no ring)

@: flying quickly and evasively, quick
A: beak, talons 3, able to fly
a: Stop Flying, Berserk, Trog's Hand, Renounce Religion


You were on level 4 of the Dungeon.
You worshipped Trog.
Trog was pleased with you.
You were not hungry.

You visited 1 branch of the dungeon, and saw 4 of its levels.

You collected 191 gold pieces.

Inventory:

Hand Weapons
 a - a +0 falchion (weapon)
Missiles
 d - 5 boomerangs
 e - 165 stones
 f - 23 bolts
 k - 36 arrows
 p - 9 poisoned darts (quivered)
Armour
 i - a +1 scale mail (worn)
 n - a +0 cloak
Jewellery
 u - an uncursed amulet of harm {unknown}
 v - an uncursed ring of ice
Scrolls
 j - a scroll of blinking
 l - a scroll of enchant armour
 m - 3 scrolls of teleportation
 o - a scroll of magic mapping
 s - a scroll of immolation
Potions
 b - a potion of agility {unknown}
 g - a potion of brilliance {unknown}
 h - 2 potions of resistance {unknown}
 q - a potion of haste {unknown}
 r - a potion of flight {unknown}
Comestibles
 c - 3 rations


   Skills:
 + Level 3.8 Fighting
 + Level 4.2 Long Blades
 + Level 2.2 Throwing
 - Level 4.0 Armour
 + Level 3.5 Dodging


You had 5 spell levels left.
You didn't know any spells.
Your spell library was empty.

Dungeon Overview and Level Annotations

Branches:
Dungeon (4/15)
 Temple: D:4-7

Altars:


Innate Abilities, Weirdness & Mutations

You have a beak for a mouth.
You have claws for feet.
You can fly continuously.


Message History

The orc priest barely misses you.
The orc priest hits you but does no damage.
You bump into the rock wall.
Okay, then.
The orc priest hits you but does no damage.
The orc priest hits you with a +0 flail.
The orc wizard closely misses you.
You feel less confused.
The orc priest looks encouraged for a moment.
The orc wizard hits you with a +0 dagger.
The orc priest looks encouraged for a moment.
You closely miss the orc priest. Your kick misses the orc priest.
You peck the orc priest.
The orc priest is almost dead.
The orc priest calls down the wrath of Beogh upon you.
Beogh smites you!
* * * LOW HITPOINT WARNING * * *
The orc wizard gestures at you while chanting.
The magic dart hits you!
You die...

#.###...≈≈≈≈≈...#
#.......≈≈≈≈....#
#..≈≈≈≈....#
#.≈≈≈≈≈....# .
###≈≈≈≈≈....##
##$.#####..≈≈≈≈##....#
..##......≈≈≈≈≈##....#
.....#####≈≈≈≈≈###...#
....r..88≈≈≈≈≈88@o..<##
.................o....#
......................#
<..##..88≈≈≈≈≈88......#
...######≈≈≈≈#####....#
...# #≈≈≈≈≈# ###...#
#.## #≈≈≈≈≈# ##..# .#
#≈≈≈≈## #.# .# ≈≈≈≈≈ ..


You could see an orc priest and an orc wizard.

Vanquished Creatures
  2 orc priests
  An orc wizard (D:3)
  A worker ant (D:3)
  4 adders
  A worm (D:2)
  2 dart slugs
  2 leopard geckos
  11 orcs
  4 bats
  A giant cockroach (D:2)
  10 goblins
  14 hobgoblins
  4 jackals
  A kobold (D:1)
  3 quokkas
  A ball python (D:3)
  3 frilled lizards
  7 rats
72 creatures vanquished.

Notes
Turn   | Place    | Note
-------+----------+-------------------------------------------
     0 | D:1      | CanOfBees the Tengu Berserker began the quest for the Orb.
     0 | D:1      | Reached XP level 1. HP: 14/14 MP: 2/2
   287 | D:1      | Reached XP level 2. HP: 19/19 MP: 3/3
   796 | D:2      | Reached XP level 3. HP: 23/23 MP: 4/4
   803 | D:2      | Reached skill level 1 in Throwing
   982 | D:2      | Reached ** piety under Trog
  1580 | D:3      | Reached XP level 4. HP: 15/28 MP: 5/5
  2319 | D:3      | Gained mutation: You can fly continuously. [Tengu growth]
  2319 | D:3      | Reached XP level 5. HP: 31/32 MP: 6/6
  3070 | D:3      | Reached XP level 6. HP: 33/38 MP: 7/7
  3730 | D:4      | Killed from afar by an orc wizard

Levels and vault maps discovered:
D:1:      dpeg_arrival_court, layout_rooms
D:2:      layout_basic, hex_large
D:3:      layout_rooms, guppyfry_early_orc_mine
D:4:      wander_river, layout_cave_pods, kennysheep_mini_moat,
          elyvilon_altar_4, minmay_temple_entry_antechambers, first_ration

Skill      XL: |  1  2  3  4  5  6 |
---------------+-------------------+-----
Throwing       | 1 2 |  2.2
Armour         | 3 4 |  4.0
Dodging        | 3 |  3.5
Long Blades    | 4 |  4.2
Fighting       | |  3.8

Action                   |  1- 3 |  4- 6 || total
-------------------------+-------+-------++-------
Melee: Falchion          |    59 |    92 ||   151
       Kick              |    21 |    30 ||    51
       Peck              |    11 |    23 ||    34
Throw: Dart              |       |     6 ||     6
       Stone             |       |     4 ||     4
Invok: Trog's Hand       |       |     1 ||     1
 Abil: Fly               |       |     1 ||     1
  Use: Scroll            |     4 |     5 ||     9
  Eat: Chunk             |     2 |     7 ||     9
Armor: Animal skin       |     7 |       ||     7
       Scale mail        |    23 |    46 ||    69
Dodge: Dodged            |    36 |    73 ||   109
       Rpst.: Falchion   |    18 |    19 ||    37

Table legend:
 A = Non-vault XP
 B = Vault XP
 C = Vault XP percentage of total XP
 D = Non-vault monster count
 E = Vault monster count
 F = Vault count percentage of total count
                 A         B        C        D         E       F
            +---------+---------+-------+---------+---------+-------
      Total |     326 |      17 |   5.0 |      65 |       7 |   9.7
            +---------+---------+-------+---------+---------+-------
        D:1 |      27 |       0 |   0.0 |      13 |       0 |   0.0
        D:2 |     119 |       0 |   0.0 |      28 |       0 |   0.0
        D:3 |     178 |      17 |   8.7 |      23 |       7 |  23.3
        D:4 |       2 |       0 |   0.0 |       1 |       0 |   0.0
            +---------+---------+-------+---------+---------+-------
